 Dungeon Crawl Stone Soup version 0.27-a0-631-g2d681adce0 (webtiles) character file.

Game seed: 8627788102174651231

43 night the Grasshopper (level 3, -1/29 HPs)
             Began as a Demigod Warper on Mar 13, 2021.
             Slain by an orc
             ... wielding a +0 short sword
              (7 damage)
             ... on level 1 of the Dungeon.
             The game lasted 00:02:54 (1778 turns).

night the Grasshopper (Demigod Warper)              Turns: 1778, Time: 00:02:54

Health: -1/29      AC:  3    Str: 16    XL:     3   Next: 20%
Magic:  8/8        EV: 11    Int: 15    God:
Gold:   64         SH:  0    Dex: 13    Spells: 3/5 levels left

rFire    . . .     SeeInvis .     - Unarmed
rCold    . . .     Faith    .   (no shield)
rNeg     . . .     Spirit   .   a - +0 leather armour
rPois    .         Reflect  .   (no helmet)
rElec    .         Harm     .   (no cloak)
rCorr    .         Rampage  .   (no gloves)
Will     .....                  (no boots)
Stlth    +.........             (no amulet)
HPRegen  0.09/turn              (no ring)
MPRegen  0.11/turn              (no ring)

@: no status effects
A: high mp 1, forlorn
a: no special abilities


You were on level 1 of the Dungeon.
You visited 1 branch of the dungeon, and saw 2 of its levels.

You collected 64 gold pieces.

Inventory:

Hand Weapons
 g - a +1 whip of electrocution
Missiles
 d - 5 boomerangs of dispersal (quivered)
 i - 24 stones
Armour
 a - a +0 leather armour (worn)
Scrolls
 b - 3 scrolls of immolation {unknown}
 c - a scroll of blinking
 f - a scroll of identify {unknown}
 h - a scroll of fear {unknown}
 j - a scroll of enchant armour {unknown}
Potions
 e - a potion of brilliance {unknown}
 k - a potion of attraction {unknown}
 l - a potion of resistance {unknown}


   Skills:
 + Level 2.2 Fighting
 - Level 0.8 Throwing
 - Level 0.8 Armour
 - Level 1.7 Dodging
 * Level 2.8 Unarmed Combat
 - Level 1.7 Spellcasting
 + Level 3.0 Translocations


You had 3 spell levels left.
You knew the following spells:

 Your Spells              Type           Power      Damage    Failure   Level
a - Blink                 Tloc           N/A        N/A       12%         2

Your spell library contained the following spells:

 Spells                   Type           Power      Damage    Failure   Level
 Gell's Gravitas          Tloc           5%         N/A       24%         3
 Lesser Beckoning         Tloc           5%         N/A       24%         3
 Teleport Other           Tloc           10%        N/A       24%         3
 Manifold Assault         Tloc           10%        N/A       61%         4


Dungeon Overview and Level Annotations

Branches:
Dungeon (2/15)


Innate Abilities, Weirdness & Mutations

Your attributes grow dramatically as you level up.
You have an increased reservoir of magic. (+10% MP)
You shall have no god before yourself.


Message History

The orc hits you but does no damage.
You barely miss the orc.
The orc is heavily wounded.
The orc hits you but does no damage.
You hit the orc but do no damage.
The orc is heavily wounded.
The orc misses you.
You hit the orc.
The orc is severely wounded.
The orc barely misses you.
You barely miss the orc.
The orc is severely wounded.
The orc hits you with a +0 short sword.
* * * LOW HITPOINT WARNING * * *
You hit the orc but do no damage. Your punch misses the orc.
The orc is severely wounded.
The orc hits you with a +0 short sword.
* * * LOW HITPOINT WARNING * * *
You hit the orc.
The orc is almost dead.
The orc barely misses you.
You hit the orc but do no damage.
The orc is almost dead.
The orc hits you but does no damage.
You completely miss the orc.
The orc is severely wounded.
The orc closely misses you.
You hit the orc but do no damage.
The orc is heavily wounded.
The orc misses you.
You closely miss the orc.
The orc is heavily wounded.
The orc hits you but does no damage.
You closely miss the orc.
The orc is heavily wounded.
The orc hits you but does no damage.
You hit the orc but do no damage.
The orc is heavily wounded.
The orc hits you with a +0 short sword!
You die...

####...#########.#
#...#..#.......#.# #######
#...#..#.#.###.#.# ......#
#...#..#.#.# #.#.# #####.#
#...#..#.#.# #.#.#
#####.###...##.#.#.###.#.#
........'...'#...#.#...#.#
#####.###...'#..o..#.###.#
......#.........@........#
#######.##.........).#####
....#.#.##....########
......#.##..).#
....#.#.##....#
....#.#.##....#
....#)#.####### ....#.#.#
....#.#.#


You could see an orc.

Vanquished Creatures
  An ooze (D:1)
  3 dart slugs (D:1)
  A leopard gecko (D:1)
  6 bats
  3 goblins (D:1)
  7 hobgoblins (D:1)
  3 frilled lizards (D:1)
  3 kobolds (D:1)
  5 rats (D:1)
32 creatures vanquished.

Notes
Turn   | Place    | Note
-------+----------+-------------------------------------------
     0 | D:1      | night the Demigod Warper began the quest for the Orb.
     0 | D:1      | Reached XP level 1. HP: 17/17 MP: 5/5
   255 | D:1      | Reached skill level 2 in Unarmed Combat
   424 | D:1      | Reached skill level 2 in Fighting
   464 | D:1      | Reached XP level 2. HP: 24/24 MP: 7/7
  1044 | D:1      | Reached skill level 3 in Translocations
  1255 | D:1      | Reached XP level 3. HP: 29/29 MP: 8/8
  1399 | D:1      | Learned a level 2 spell: Blink
  1778 | D:1      | Slain by an orc

Illustrated notes

Levels and vault maps discovered:
D:1:      wheals_arrival_shading, layout_basic
D:2:      layout_rooms, minmay_tiny_reverse_x, uniq_robin

Skill      XL: |  1  2 |
---------------+-------+-----
Unarmed Combat | 2 |  2.8
Fighting       | 2 |  2.2
Translocations | 3 |  3.0
Throwing       | |  0.8
Armour         | |  0.8
Dodging        | |  1.7
Spellcasting   | |  1.7

Action                   || total
-------------------------++-------
Melee: Unarmed           ||   178
       Whip              ||    13
Armor: Leather armour    ||    64
Dodge: Dodged            ||   110

Table legend: (Time is in decaauts)
 A = Elapsed time spent in this place.
 B = Non-inter-level travel time spent in this place.
 C = Inter-level travel time spent in this place.
 D = Time resting spent in this place.
 E = Time spent auto-exploring this place.
 F = Levels seen in this place.
 G = Mean time per level.
                   A        B        C        D        E       F      G
               +--------+--------+--------+--------+--------+-----+--------+
         Total |   1771 |   1717 |     54 |    468 |    931 |   2 |  885.5 |
       Dungeon |   1771 |   1717 |     54 |    468 |    931 |   2 |  885.5 |
               +--------+--------+--------+--------+--------+-----+--------+

Top non-repeatable levels by time:
     D:1: 1742 daAuts
     D:2: 29 daAuts
